 Dungeon Sprint DCSS version 0.32-a0-673-g3729bd50f8 (webtiles) character file.

Game seed: 12021297159527574852

226 nuthulu the Cleaver (level 6, -8/57 HPs)
             Began as a Formicid Fighter on Mar 10, 2024.
             Was an Initiate of Makhleb.
             Mangled by an ironbound convoker
             ... wielding a +0 flail
              (13 damage)
             ... in the Dungeon (Sprint V: "Ziggurat Sprint").
             The game lasted 00:01:16 (165 turns).

nuthulu the Cleaver (Formicid Fighter)               Turns: 165, Time: 00:01:17

Health: -8/57      AC: 18    Str: 35    XL:     6   Next: 21%
Magic:  6/6        EV:  4    Int:  7    God:    Makhleb [......]
Gold:   0          SH: 16    Dex: 13    Spells: 5/5 levels left

rFire   + . .        B - +5 executioner's axe
rCold   + . .        A - +3 tower shield
rNeg    . . .        z - +5 gold dragon scales
rPois   +            (helmet unavailable)
rElec   .            (no cloak)
rCorr   .            (no gloves)
SInv    +            (no boots)
Will    .....        (no amulet)
Stlth   x              - +6 ring of strength
HPRegen 0.29/turn    y - +6 ring of strength
MPRegen 0.10/turn

%: no passive effects
@: mighty
A: permanent stasis, dig shafts and tunnels, antennae 3, four strong arms
a: Dig, Renounce Religion


You were in the Dungeon.
You worshipped Makhleb.
Makhleb was noncommittal.
You visited 1 branch

Inventory:

Hand Weapons
 B - a +5 executioner's axe (weapon)
Armour
 z - +5 gold dragon scales (worn)
 A - a +3 tower shield (worn)
Jewellery
 s - a ring of flight
 t - a +6 ring of dexterity
 u - a +6 ring of dexterity
 v - a +6 ring of intelligence
 w - a +6 ring of intelligence
 x - a +6 ring of strength (left hand)
 y - a +6 ring of strength (right hand)
Wands
 p - a wand of mindburst (7)
 q - a wand of iceblast (7)
 r - a wand of quicksilver (7)
Scrolls
 l - 4 scrolls of amnesia
 m - 7 scrolls of fog
 n - 5 scrolls of identify
 o - 2 scrolls of fear
Potions
 d - 5 potions of might
 e - 10 potions of curing
 f - 9 potions of heal wounds
 g - 7 potions of magic
 h - 2 potions of brilliance
 i - 2 potions of invisibility
 j - 4 potions of resistance


   Skills:
 + Level 8.5 Fighting
 + Level 10.5 Axes
 - Level 3.2 Armour
 - Level 4.0 Shields


You had 5 spell levels left.
You didn't know any spells.
Your spell library was empty.

Dungeon Overview and Level Annotations

Branches:
Dungeon (1/1)

Altars:
Ashenzari
Cheibriados
Dithmenos
Elyvilon
Fedhas
Gozag
Hepliaklqana
Kikubaaqudgha
Makhleb
Nemelex Xobeh
Okawaru
Qazlal
Ru
Sif Muna
Trog
Uskayaw
Vehumet
Wu Jian
Xom
Yredelemnul
Zin
The Shining One
Beogh
Jiyva
Lugonu

Annotations:
D 1 transporter


Innate Abilities, Weirdness & Mutations

You cannot be hasted, slowed, berserked, paralysed or teleported.
You can dig through walls and to a lower floor.
You have a pair of large antennae on your head. (SInv)
Your four strong arms can wield two-handed weapons with a shield.


Message History

You see here a water moccasin corpse.
There is a transporter here.
Welcome to arena 2.
You enter the transporter and appear at another place.
A yaktaur captain and 2 ironbound convokers come into view.
The ironbound convoker shouts!
The yaktaur captain shouts!
The ironbound convoker shouts!
The yaktaur captain wields a +0 arbalest.
The yaktaur captain shoots a bolt.
The bolt hits you!!
Ouch! That really hurt!
The ironbound convoker casts a spell at the yaktaur captain.
The yaktaur captain seems to grow stronger.
Found three items.
Found a transporter.
The ironbound convoker points at the ironbound convoker and mumbles some strange words.
The ironbound convoker seems to grow stronger.
Unknown command.
Unknown command.
You closely miss the ironbound convoker.
You slice the ironbound convoker!!
You hit the yaktaur captain but do no damage.
The ironbound convoker barely misses you.
The ironbound convoker hits you with a +0 morningstar!
* * * LOW HITPOINT WARNING * * *
The yaktaur captain unwields a +0 arbalest.
You block the yaktaur captain's attack.
You block the ironbound convoker's attack.
The ironbound convoker hits you with a +0 morningstar!
* * * LOW HITPOINT WARNING * * *
Unknown command.
You feel much better. The yaktaur captain barely misses you.
You block the ironbound convoker's attack.
The ironbound convoker hits you with a +0 flail.
Unknown command.
Okay, then.
You feel very mighty all of a sudden. The yaktaur captain hits you!!
* * * LOW HITPOINT WARNING * * *
The ironbound convoker hits you but does no damage.
The ironbound convoker hits you with a +0 flail!
You die...

▓▓▓▓▓▓▓▓▓▓▓▓▓
▓.ß©ß.▓.ß©ß.▓
{{
▓.[:%.▓.....▓
{
▓.....▓.).[.▓
▓.cpp.▓.....▓
▓..@..▓..††.▓
▓.....▓..©..▓
▓..©..▓▓▓▓▓▓▓
▓▓▓▓▓▓▓ {{
{{{ { { {


You could see a yaktaur captain (strong) and 2 ironbound convokers.

Vanquished Creatures
  2 water moccasins (D)
2 creatures vanquished.

Notes
Turn   | Place    | Note
-------+----------+-------------------------------------------
     0 | D        | nuthulu the Formicid Fighter began the quest for the Orb.
     0 | D        | Reached XP level 1. HP: 18/18 MP: 1/1
     0 | D        | Found a shimmering blue altar of Sif Muna.
     0 | D        | Found a sacrificial altar of Ru.
     0 | D        | Found a bloodstained altar of Trog.
     0 | D        | Found a stormy altar of Qazlal.
     0 | D        | Found an iron altar of Okawaru.
     0 | D        | Found a sparkling altar of Nemelex Xobeh.
     0 | D        | Found a blossoming altar of Fedhas.
     0 | D        | Found the +6 Majin-Bo {spellvamp, MP+6 Int+6}
     0 | D        | Found the +27 heavy crossbow "Sniper" {heavy, Acc+∞ SInv}
     0 | D        | Found the +10 dark maul {heavy}
     0 | D        | Found the +15 Maxwell's patent armour {-Cast -Tele rElec
                  | Will+ rCorr}
     0 | D        | Found the +18 shield of the Gong {Loud rN+ Will+ rCorr
                  | EV-5}
     0 | D        | Found the +16 obsidian axe {drain, demonic, Mesm ^Drain Fly
                  | SInv}
     0 | D        | Found the +7 great mace "Firestarter" {flame, immolate,
                  | rFlCloud rF++}
     0 | D        | Found the +6 shillelagh "Devastator" {shatter}
     0 | D        | Found the +11 plutonium sword {^Contam Stlth-}
     0 | D        | Found the +8 lance "Wyrmbane" {slay drac, rPois rF+ rC+
                  | AC+3}
     0 | D        | Found the +9 sword of Zonguldrok {reap}
     0 | D        | Found the +13 scythe of Curses {drain, curses, ^Drain}
     0 | D        | Found the +9 sword of Power {lifebolt}
     0 | D        | Found the +7 mace of Variability {chaos, chaos arc}
     0 | D        | Found the +11 Singing Sword {sonic wave}
     0 | D        | Found the +8 storm bow {elec, penet}
     2 | D        | Found a transporter.
     2 | D        | Found an ancient bone altar of Kikubaaqudgha.
     2 | D        | Found a viscous altar of Jiyva.
     2 | D        | Found a corrupted altar of Lugonu.
     2 | D        | Found a hazy altar of Hepliaklqana.
     2 | D        | Found a burning altar of Makhleb.
     2 | D        | Found an opulent altar of Gozag.
    86 | D        | Became a worshipper of Makhleb the Destroyer
    88 | D        | Reached skill level 7 in Axes
    88 | D        | Reached XP level 2. HP: 24/24 MP: 2/2
    95 | D        | Entered arena 2.
    95 | D        | Noticed a water moccasin
    95 | D        | Noticed a water moccasin
    95 | D        | Found a transporter.
    98 | D        | Killed a water moccasin
    99 | D        | Reached skill level 9 in Axes
    99 | D        | Reached XP level 3. HP: 25/35 MP: 3/3
    99 | D        | Reached XP level 4. HP: 29/41 MP: 4/4
    99 | D        | Reached XP level 5. HP: 33/47 MP: 5/5
    99 | D        | Killed a water moccasin
   100 | D        | Reached skill level 10 in Axes
   100 | D        | Reached XP level 6. HP: 41/57 MP: 6/6
   160 | D        | Entered arena 3.
   160 | D        | Noticed an ironbound convoker
   160 | D        | Noticed a yaktaur captain
   160 | D        | Noticed an ironbound convoker
   160 | D        | Found a transporter.
   165 | D        | Mangled by an ironbound convoker

Illustrated notes

Levels and vault maps discovered:
D:        sprint_v [room_start, room_1, room_2, room_3, room_4, room_5, room_6,
          room_7, room_8, room_9, room_10, room_11, room_12, room_13, room_14,
          room_15, room_16, room_17, room_18, room_19, room_20, room_21,
          room_22, room_23, room_24, room_25, room_26, room_27]

Skill      XL: |  1  2  3  4  5 |
---------------+----------------+-----
Axes           | 7 9 10 | 10.5
Fighting       | 6 8 |  8.5
Armour         | |  3.2
Shields        | |  4.0

Action                     |  1- 3 |  4- 6 || total
---------------------------+-------+-------++-------
  Melee: Executioner's axe |     2 |     2 ||     4
    Use: Potion            |     1 |     2 ||     3
 Armour: Gold dragon scale |     1 |     7 ||     8
  Dodge: Dodged            |     2 |     2 ||     4
  Block: Tower shield      |     6 |     3 ||     9

Table legend: (Time is in decaauts)
 A = Elapsed time spent in this place.
 B = Non-inter-level travel time spent in this place.
 C = Inter-level travel time spent in this place.
 D = Time resting spent in this place.
 E = Time spent auto-exploring this place.
 F = Levels seen in this place.
 G = Mean time per level.
                   A        B        C        D        E       F      G
               +--------+--------+--------+--------+--------+-----+--------+
         Total |    166 |    166 |      0 |     55 |      0 |   1 |  166.0 |
       Dungeon |    166 |    166 |      0 |     55 |      0 |   1 |  166.0 |
               +--------+--------+--------+--------+--------+-----+--------+

Top non-repeatable levels by time:
       D: 166 daAuts
